 Dungeon Crawl Stone Soup version 0.29-a0-551-gffc1d7fb78 (webtiles) character file.

Game seed: 12359613971319554462

9 shadowstone the Covered (level 2, 0/19 HPs)
             Began as a Gargoyle Fighter on June 5, 2022.
             Slain by a hobgoblin (1 damage)
             ... on level 2 of the Dungeon.
             The game lasted 00:00:56 (209 turns).

shadowstone the Covered (Gargoyle Fighter)           Turns: 209, Time: 00:00:56

Health: 0/19       AC:  9    Str: 19    XL:     2   Next: 12%
Magic:  2/2        EV:  9    Int:  8    God:
Gold:   33         SH:  4    Dex:  9    Spells: 1/1 levels left

rFire   . . .      SeeInvis .   a - +0 long sword
rCold   . . .      Faith    .   c - +0 buckler
rNeg    + . .      Spirit   .   b - +0 scale mail
rPois   ∞          Reflect  .   (no helmet)
rElec   +          Harm     .   (no cloak)
rCorr   .          Rampage  .   (no gloves)
Will    .....                   (no boots)
Stlth   ..........              (no amulet)
HPRegen 0.06/turn               (no ring)
MPRegen 0.08/turn               (no ring)

@: no status effects
A: sickness immunity, AC +2, negative energy resistance 1, electricity
resistance, torment resistance 1, petrification resistance
a: no special abilities


You were on level 2 of the Dungeon.
You visited 1 branch of the dungeon, and saw 2 of its levels.

You collected 33 gold pieces.

Inventory:

Hand Weapons
 a - a +0 long sword (weapon)
Armour
 b - a +0 scale mail (worn)
 c - a +0 buckler (worn)
Scrolls
 f - a scroll of identify {unknown}
 g - a scroll of vulnerability {unknown}
 i - a scroll of enchant armour {unknown}
Potions
 d - a potion of might
 e - 2 potions of curing {unknown}
 h - a potion of attraction {unknown}


   Skills:
 + Level 3.4 Fighting
 + Level 1.9 Long Blades
 + Level 3.6 Armour
 + Level 3.4 Shields


You had one spell level left.
You didn't know any spells.
Your spell library was empty.

Dungeon Overview and Level Annotations

Branches:
Dungeon (1/15)

Altars:


Innate Abilities, Weirdness & Mutations

You are immune to sickness and miasma.
Your stone body is resilient. (AC +2)
You are immune to poison.
You resist negative energy. (rN+)
You are resistant to electric shocks. (rElec)
You are resistant to unholy torment.
You are immune to petrification.


Message History

You kill the goblin!
The goblin hits you but does no damage. You block the hobgoblin's attack.
The goblin barely misses you. x2
You block the goblin's attack.
The goblin hits you but does no damage. x2
The hobgoblin hits you but does no damage.
Items here: ))) ††.
Found 26 gold pieces.
The goblin hits you but does no damage. x2
The hobgoblin attacks as you move away! The hobgoblin closely misses you.
The goblin attacks as you move away! You block the goblin's attack.
The goblin attacks as you move away! The goblin barely misses you.
The goblin attacks as you move away! The goblin hits you but does no damage.
The goblin attacks as you move away! The goblin hits you with a +0 dagger.
* * * LOW HITPOINT WARNING * * *
You hit the goblin.
The goblin is severely wounded.
The goblin hits you but does no damage.
You hit the hobgoblin.
The hobgoblin is almost dead.
The goblin hits you but does no damage. x2; The goblin closely misses you.
The goblin hits you but does no damage. x2; The hobgoblin barely misses you.
You hit the goblin.
The goblin is heavily wounded.
The goblin hits you but does no damage. The goblin barely misses you.
The goblin hits you but does no damage. The hobgoblin hits you.
* * * LOW HITPOINT WARNING * * *
You barely miss the goblin.
The goblin is heavily wounded.
The goblin barely misses you.
The hobgoblin hits you but does no damage.
The goblin completely misses you. The goblin hits you but does no damage.
You barely miss the goblin.
The goblin is heavily wounded.
You block the goblin's attack.
The hobgoblin hits you but does no damage.
The goblin closely misses you. x2; The goblin hits you but does no damage. x2
The goblin barely misses you. The hobgoblin closely misses you.
You hit the goblin.
You kill the goblin!
The hobgoblin hits you.
You die...

#########
#g@g.$..#
#8)g...8#
#.......#
#8.....8#
#.......#
#8.....8#
#.......#
##8.....8#
#..).....#


You could see a hobgoblin and 2 goblins.

Vanquished Creatures
  4 goblins (D:2)
  A hobgoblin (D:1)
  2 jackals (D:1)
  A kobold (D:1)
8 creatures vanquished.

Notes
Turn   | Place    | Note
-------+----------+-------------------------------------------
     0 | D:1      | shadowstone the Gargoyle Fighter began the quest for the
                  | Orb.
     0 | D:1      | Reached XP level 1. HP: 14/14 MP: 1/1
   160 | D:1      | You fall into a shaft and drop 1 floor!
   192 | D:2      | Reached XP level 2. HP: 3/19 MP: 2/2
   209 | D:2      | Slain by a hobgoblin

Illustrated notes

Levels and vault maps discovered:
D:1:      amcnicky_arrival_flooded_fountain, layout_basic
D:2:      kennysheep_the_goblin_king, layout_loops_ring,
          shapermc_ecumenical_altar_rom_forum, minmay_randomly_rotated_circles

Action                   || total
-------------------------++-------
Melee: Long sword        ||    44
Armor: Scale mail        ||    68
Dodge: Dodged            ||    62
Block: Buckler           ||    24

Table legend: (Time is in decaauts)
 A = Elapsed time spent in this place.
 B = Non-inter-level travel time spent in this place.
 C = Inter-level travel time spent in this place.
 D = Time resting spent in this place.
 E = Time spent auto-exploring this place.
 F = Levels seen in this place.
 G = Mean time per level.
                   A        B        C        D        E       F      G
               +--------+--------+--------+--------+--------+-----+--------+
         Total |    224 |    224 |      0 |      0 |      0 |   2 |  112.0 |
       Dungeon |    224 |    224 |      0 |      0 |      0 |   2 |  112.0 |
               +--------+--------+--------+--------+--------+-----+--------+

Top non-repeatable levels by time:
     D:1: 170 daAuts
     D:2: 54 daAuts
